 Dungeon Crawl Stone Soup version 0.17.0-28-g6e173f8 (webtiles) character file.

127 root the Gusty (level 5, 0/28 HPs)
             Began as a Tengu Air Elementalist on Nov 28, 2015.
             Slain by Crazy Yiuf
             ... wielding a +2 quarterstaff of chaos
              (1 damage)
             ... on level 3 of the Dungeon.
             The game lasted 00:14:28 (2530 turns).

root the Gusty (Tengu Air Elementalist)             Turns: 2530, Time: 00:14:29

Health: 0/28       AC:  2    Str:  8    XL:     5   Next: 11%
Magic:  0/10       EV: 13    Int: 16    God:
Gold:   106        SH:  0    Dex: 15    Spells: 2 memorised, 6 levels left

rFire  . . .     SeeInvis .     (no weapon)
rCold  . . .     Clarity  .     a - +0 robe
rNeg   . . .     SustAt   .     (no shield)
rPois  +         Gourm    .     (helmet restricted)
rElec  .         Spirit   .     (no cloak)
rCorr  .         Warding  .     (no gloves)
rMut   .         Stasis   .     (boots unavailable)
MR     .....                    (no amulet)
Stlth  ++........               (no ring)
                                i - ring of poison resistance

@: not resistant to hostile enchantments, unstealthy
A: beak, talons 3, able to fly 1
a: Fly


You were on level 3 of the Dungeon.
You were hungry.

You visited 1 branch of the dungeon, and saw 3 of its levels.

You collected 106 gold pieces.

Inventory:

Armour
 a - a +0 robe (worn)
Jewellery
 i - a ring of poison resistance (left hand)
Wands
 j - a wand of confusion (27)
Scrolls
 d - 4 scrolls of identify {unknown}
Potions
 e - 2 potions of resistance {unknown}
 h - 2 potions of might {unknown}
 m - a potion of heal wounds {unknown}
Books
 b - a book of Air

   Spells                             Type                      Level
   a - Shock                          Conjuration/Air              1
   b - Swiftness                      Charms/Air                   2
   c - Repel Missiles                 Charms/Air                   2
   d - Static Discharge               Conjuration/Air              3
   e - Lightning Bolt                 Conjuration/Air              5
Comestibles
 c - a bread ration
 k - a beef jerky


   Skills:
 + Level 3.2 Dodging
 - Level 2.0 Stealth
 + Level 3.0 Spellcasting
 + Level 3.1 Conjurations
 + Level 5.1 Air Magic


You had 6 spell levels left.
You knew the following spells:

 Your Spells              Type           Power        Failure   Level  Hunger
a - Shock                 Conj/Air       ###.         4%          1    #......
b - Static Discharge      Conj/Air       ###.....     12%         3    ###....


Dungeon Overview and Level Annotations

Branches:
Dungeon (3/15)

Altars:

Annotations:
D:3 Crazy Yiuf


Innate Abilities, Weirdness & Mutations

You have a beak for a mouth.
You have claws for feet.
You can fly.


Message History

Crazy Yiuf is struck by lightning.
Crazy Yiuf is heavily wounded.
The lightning arcs!
You are struck by lightning.
The lightning grounds out.
Crazy Yiuf hits you with a quarterstaff of chaos.
* * * LOW HITPOINT WARNING * * *
You feel your power leaking away.
Casting: Static Discharge
Confirm with . or Enter, or press ? or * to list all spells.
You don't have enough magic to cast that spell.
Read which item? (? for menu, Esc to quit)
As you read the scroll labeled PAKA FUEMALL, it crumbles to dust.
You feel blessed for a moment.
It was a scroll of remove curse.
Read which item? (? for menu, Esc to quit)
As you read the scroll labeled WOCSI BUFYO, it crumbles to dust.
It is a scroll of enchant weapon.
You aren't carrying any weapons that can be enchanted.
Crazy Yiuf hits you with a quarterstaff of chaos.
* * * LOW HITPOINT WARNING * * *
Crazy Yiuf freezes you.
You die...

... ... #.# #.#
#.# #.# #g# #@#
#.#########
#.##....#.###
#........#..#
#.......####.....#
#.#....## #..)#
#.###### ### #.#
#..


You could see Crazy Yiuf.

Vanquished Creatures
  Ijyb (D:2)
  Robin (D:2)
  2 adders (D:2)
  An ooze (D:2)
  4 worms (D:2)
  2 giant geckos
  An orc (D:3)
  3 ball pythons
  2 giant cockroaches (D:2)
  7 hobgoblins
  A quokka (D:2)
  5 bats
  2 giant newts
  14 goblins
  6 kobolds
  5 rats
57 creatures vanquished.

Vanquished Creatures (others)
  15 toadstools (D:3)
15 creatures vanquished.

Grand Total: 72 creatures vanquished

Notes
Turn   | Place    | Note
--------------------------------------------------------------
     0 | D:1      | root the Tengu Air Elementalist began the quest for the Orb.
     0 | D:1      | Reached XP level 1. HP: 10/10 MP: 4/4
   220 | D:1      | Reached XP level 2. HP: 15/15 MP: 0/6
  1087 | D:2      | Reached XP level 3. HP: 19/19 MP: 1/7
  1363 | D:2      | Noticed Robin
  1371 | D:2      | Killed Robin
  1471 | D:2      | Reached XP level 4. HP: 24/24 MP: 6/9
  1703 | D:2      | Noticed Ijyb
  1741 | D:2      | Killed Ijyb
  1863 | D:2      | Learned a level 3 spell: Static Discharge
  1945 | D:2      | Reached skill level 5 in Air Magic
  2146 | D:2      | Gained mutation: You can fly. [Tengu growth]
  2146 | D:2      | Reached XP level 5. HP: 28/28 MP: 4/10
  2442 | D:3      | Noticed Crazy Yiuf
  2530 | D:3      | HP: 1/28 [Crazy Yiuf/quarterstaff of chaos (2)]
  2530 | D:3      | Slain by Crazy Yiuf

Action                   |  1- 3 |  4- 6 || total
-------------------------+-------+-------++-------
Melee: Unarmed           |     8 |    11 ||    19
 Cast: Shock             |    86 |    57 ||   143
       Static Discharge  |       |     4 ||     4
  Use: Scroll            |       |     2 ||     2
  Eat: Chunk             |     3 |     3 ||     6
